 Dungeon Crawl Stone Soup version 0.20.0-8-g6b59dc7 (webtiles) character file.

634 asthiss the Covered (level 7, -6/61 HPs)
             Began as a Minotaur Fighter on June 1, 2017.
             Mangled by an unseen horror (9 damage)
             ... on level 6 of the Dungeon.
             The game lasted 00:13:18 (2975 turns).

asthiss the Covered (Minotaur Fighter)              Turns: 2975, Time: 00:13:19

Health: -6/61      AC:  8    Str: 23    XL:     7   Next: 24%
Magic:  15/15      EV:  8    Int:  5    God:
Gold:   194        SH: 10    Dex:  9    Spells: 6/6 levels left

rFire    . . .     SeeInvis .   p - +0 long sword
rCold    . . .     Gourm    .   c - +0 shield
rNeg     . . .     Faith    .   b - +1 scale mail
rPois    .         Spirit   .   (helmet restricted)
rElec    .         Reflect  .   (no cloak)
rCorr    .         Harm     .   (no gloves)
MR       .....                  (no boots)
Stlth    ..........             i - amulet of regeneration
Regen    0.6/turn               l - ring of magical power
MPRegen  0.2/turn               (no ring)

@: hasted, very quick
A: retaliatory headbutt, horns 2
a: no special abilities


You were on level 6 of the Dungeon.
You were not hungry.

You visited 1 branch of the dungeon, and saw 5 of its levels.

You collected 194 gold pieces.

Inventory:

Hand Weapons
 p - a +0 long sword (weapon)
Missiles
 q - a tomahawk (quivered)
Armour
 b - a +1 scale mail (worn)
 c - a +0 shield (worn)
Jewellery
 i - an amulet of regeneration (around neck)
 l - a ring of magical power (left hand)
Wands
 a - a wand of iceblast (9/15)
 r - a wand of random effects (16/48)
Scrolls
 h - 3 scrolls of enchant armour
 k - 4 scrolls of identify
 m - 8 scrolls of remove curse
Potions
 d - 2 potions of might
 e - a potion of cancellation
Comestibles
 f - 3 bread rations
 g - 3 meat rations
 j - 2 royal jellies
 n - 8 fruits


   Skills:
 * Level 5.0 Fighting
 * Level 5.3 Long Blades
 * Level 0.8 Throwing
 * Level 5.9 Armour
 + Level 1.8 Dodging
 + Level 0.5 Stealth
 + Level 5.8 Shields


You had 6 spell levels left.
You didn't know any spells.

Dungeon Overview and Level Annotations

Branches:
Dungeon (6/15)
 Temple: D:4-7

Altars:
Dithmenos
Makhleb
Xom


Innate Abilities, Weirdness & Mutations

You reflexively headbutt those who attack you in melee.
You have a pair of horns on your head.


Message History

Okay, then.
You see here a flail.
Something hits you!
* * * LOW HITPOINT WARNING * * *
You block something's attack.
Things that are here:
a whip; a halberd You miss something.
Something hits you but does no damage. Something hits you.
* * * LOW HITPOINT WARNING * * *
You miss something. You headbutt something. You block something's attack.
Something hits you.
* * * LOW HITPOINT WARNING * * *
You block something's attack. Something hits you but does no damage.
You see here 2 tomahawks.
Your shield and scale mail prevent you from hitting something.
Your headbutt misses something.
Something hits you but does no damage. x3
You barely miss something. Something hits you but does no damage.
You block something's attack.
You hit something. Something hits you!
You die...

#.# ##.# #.# #.#
#.# #.# #.# #.#
#.###########
#....)).@.((#
###########.>..#
###


There were no monsters in sight!

Vanquished Creatures
  An ice beast (D:6)
  A black bear (D:3)
  The ghost of Monsterracer the Ruffian, an amateur NaTm (D:3)
  An ogre (D:4)
  A bullfrog (D:6)
  A crimson imp (D:6)
  A bullfrog skeleton (D:6)
  An iguana (D:6)
  A worker ant (D:3)
  3 gnolls (D:6)
  An adder (D:3)
  An ooze (D:1)
  A leopard gecko (D:1)
  7 orcs
  9 bats
  4 giant cockroaches
  A hobgoblin (D:1)
  6 jackals
  2 quokkas
  2 ball pythons (D:1)
  A ball python skeleton (D:4)
  3 frilled lizards
  7 goblins
  5 kobolds (D:1)
  A rat (D:2)
63 creatures vanquished.

Vanquished Creatures (others)
  A centaur (D:6)
1 creature vanquished.

Grand Total: 64 creatures vanquished

Notes
Turn   | Place    | Note
-------+----------+-------------------------------------------
     0 | D:1      | asthiss the Minotaur Fighter began the quest for the Orb.
     0 | D:1      | Reached XP level 1. HP: 19/19 MP: 0/0
    78 | D:1      | Reached XP level 2. HP: 27/27 MP: 1/1
   622 | D:1      | You fall through a shaft!
   739 | D:2      | Found a shadowy altar of Dithmenos.
   779 | D:2      | Reached XP level 3. HP: 33/33 MP: 2/2
  1300 | D:3      | Noticed Monsterracer's ghost (amateur NaTm)
  1318 | D:3      | Killed Monsterracer's ghost
  1318 | D:3      | Reached XP level 4. HP: 22/41 MP: 3/3
  1361 | D:3      | Found a burning altar of Makhleb.
  1362 | D:3      | Noticed a black bear
  1371 | D:3      | Killed a black bear
  1371 | D:3      | Reached skill level 5 in Shields
  1371 | D:3      | Reached XP level 5. HP: 34/47 MP: 4/4
  1499 | D:3      | Reached skill level 5 in Armour
  2418 | D:4      | Noticed an ogre
  2423 | D:4      | Killed an ogre
  2423 | D:4      | Reached XP level 6. HP: 49/55 MP: 5/5
  2517 | D:4      | You fall through a shaft for 2 floors!
  2545 | D:6      | Reached skill level 1 in Dodging
  2633 | D:6      | Noticed an ice beast
  2648 | D:6      | Killed an ice beast
  2648 | D:6      | Reached skill level 5 in Fighting
  2657 | D:6      | Reached skill level 5 in Long Blades
  2657 | D:6      | Reached XP level 7. HP: 30/61 MP: 6/6
  2883 | D:6      | Found a shimmering altar of Xom.
  2968 | D:6      | HP: 2/61 [something (8)]
  2975 | D:6      | Mangled by an unseen horror

Skill      XL: |  1  2  3  4  5  6 |
---------------+-------------------+-----
Shields        | 4 5 |  5.8
Fighting       | 4 5 |  5.0
Long Blades    | 3 4 5 |  5.3
Armour         | 4 5 |  5.9
Dodging        | 1 |  1.8
Throwing       | |  0.8
Stealth        | |  0.5

Action                   |  1- 3 |  4- 6 |  7- 9 || total
-------------------------+-------+-------+-------++-------
Melee: Long sword        |    87 |   107 |    26 ||   220
       Headbutt          |    13 |    16 |     8 ||    37
Throw: Tomahawk          |       |       |     7 ||     7
  Use: Scroll            |     6 |     3 |     1 ||    10
       Potion            |     4 |     1 |     3 ||     8
  Eat: Bread ration      |     1 |     1 |       ||     2
Armor: Scale mail        |    41 |    45 |    15 ||   101
Dodge: Dodged            |    32 |    31 |     5 ||    68
Block: Shield            |    36 |    64 |    13 ||   113
       Rpst.: Long sword |     8 |    10 |     2 ||    20
